 Dungeon Crawl Stone Soup version 0.26.0-41-g79a4fc7684 (webtiles) character file.

Game seed: 8326391164097270042

61 kaeus the Ducker (level 4, -2/31 HPs)
             Began as an Octopode Fighter on Jan 27, 2021.
             Killed by divine providence
             ... invoked by an orc priest
              (14 damage)
             ... on level 4 of the Dungeon.
             The game lasted 00:01:23 (1382 turns).

kaeus the Ducker (Octopode Fighter)                 Turns: 1382, Time: 00:01:24

Health: -2/31      AC:  5    Str: 15    XL:     4   Next: 7%
Magic:  4/4        EV: 12    Int: 10    God:
Gold:   70         SH:  8    Dex: 12    Spells: 3/3 levels left

rFire    . . .     SeeInvis .   a - +0 rapier
rCold    . . .     Faith    .   b - +0 kite shield
rNeg     . . .     Spirit   .   (helmet restricted)
rPois    .         Reflect  .   (no amulet)
rElec    .         Harm     .   f - +4 ring of protection
rCorr    .         Rampage  .   (no ring)
Will     .....                  (no ring)
Stlth    +++.......             (no ring)
HPRegen  0.10/turn              (no ring)
MPRegen  0.09/turn              (no ring)
                                (no ring)
                                (no ring)

@: no status effects
A: almost no armour, stealthy swim, amphibious, 8 rings, constrict 8, camouflage
1, gelatinous body 1
a: no special abilities


You were on level 4 of the Dungeon.
You visited 1 branch of the dungeon, and saw 3 of its levels.

You collected 70 gold pieces.

Inventory:

Hand Weapons
 a - a +0 rapier (weapon)
Armour
 b - a +0 kite shield (worn)
Jewellery
 f - a +4 ring of protection (left tentacle)
Scrolls
 g - a scroll of enchant weapon {unknown}
 j - a scroll of noise {unknown}
 k - a scroll of fear {unknown}
 l - a scroll of remove curse {unknown}
Potions
 c - a potion of might
 d - a potion of curing {unknown}
 e - 2 potions of haste {unknown}
 h - a potion of berserk rage {unknown}
 i - a potion of degeneration {unknown}


   Skills:
 + Level 3.3 Fighting
 + Level 2.4 Short Blades
 + Level 3.3 Dodging
 * Level 3.0 Stealth
 + Level 3.3 Shields


You had 3 spell levels left.
You didn't know any spells.
Your spell library was empty.

Dungeon Overview and Level Annotations

Branches:
Dungeon (2/15)

Altars:
Fedhas


Innate Abilities, Weirdness & Mutations

You cannot wear most types of armour.
You are very stealthy in the water. (Stealth+)
You are amphibious.
You can wear up to eight rings at the same time.
You can use your tentacles to constrict eight enemies at once.
Your skin changes colour to match your surroundings (Stealth+).
Your rubbery body absorbs attacks. (AC +1, EV +1)


Message History

You hit the orc. You grab the orc.
The orc is heavily wounded.
You constrict the orc. The orc hits you with a +0 trident.
An orc priest comes into view. It is wielding a +0 hand axe.
An orc comes into view. It is wielding a +0 club.
You take 2 damage, and have 18/31 hp.
The orc shouts!
The orc priest shouts!
You hit the orc.
The orc is almost dead.
You constrict the orc.
You kill the orc!
You hit the orc priest. Your grab misses the orc priest.
The orc priest is lightly wounded.
The orc priest hits you with a +0 hand axe.
You take 6 damage, and have 12/31 hp.
You puncture the orc priest! Your grab misses the orc priest.
The orc priest is heavily wounded.
The orc priest calls down the wrath of Beogh upon you.
Beogh smites you!
You die...

#.#.# #.#
#.#.# #..
#.#.# #.#
#.#.# #.# ####
#.# #.# ...
#.#####.##†#.#
#......o.)...#
#####.#o##...#
#.#@# ...#
#.#.# ...#
#.#.# o....
..#.# ..####
##..# .o. #.#
..# #.. #.#


You could see an orc priest and an orc.

Vanquished Creatures
  An adder (D:2)
  An ooze (D:1)
  A dart slug (D:2)
  4 leopard geckos
  2 orcs (D:4)
  5 giant cockroaches
  3 goblins
  3 hobgoblins (D:1)
  5 jackals (D:1)
  3 bats (D:1)
  4 frilled lizards
  3 kobolds (D:1)
  4 rats
39 creatures vanquished.

Notes
Turn   | Place    | Note
-------+----------+-------------------------------------------
     0 | D:1      | kaeus the Octopode Fighter began the quest for the Orb.
     0 | D:1      | Reached XP level 1. HP: 16/16 MP: 1/1
    26 | D:1      | Reached skill level 1 in Stealth
    48 | D:1      | Reached XP level 2. HP: 20/21 MP: 2/2
   604 | D:1      | Reached XP level 3. HP: 17/26 MP: 3/3
  1076 | D:2      | Found a blossoming altar of Fedhas.
  1307 | D:2      | You fall into a shaft and drop 2 floors!
  1361 | D:4      | Reached XP level 4. HP: 29/31 MP: 4/4
  1382 | D:4      | Killed from afar by an orc priest

Illustrated notes

Levels and vault maps discovered:
D:1:      lightli_arrival_statuegarden, layout_loops_ring
D:2:      layout_rooms, fedhas_ov_isle_minmay
D:4:      minmay_chambers_of_threes, layout_loops_ring, uniq_pikel

Skill      XL: |  1  2  3  4 |
---------------+-------------+-----
Stealth        | 1 2 3 |  3.0
Fighting       | |  3.3
Short Blades   | |  2.4
Dodging        | |  3.3
Shields        | |  3.3

Action                   |  1- 3 |  4- 6 || total
-------------------------+-------+-------++-------
Melee: Rapier            |    63 |     8 ||    71
       Constrict         |    13 |     2 ||    15
       Tentacles         |     7 |       ||     7
 Stab: Sleeping          |    11 |       ||    11
Armor: Skin              |     4 |     1 ||     5
Dodge: Dodged            |    23 |     6 ||    29
Block: Kite shield       |    23 |     2 ||    25
